 Dungeon Crawl Stone Soup version 0.28-a0-771-g91a516d0e7 (webtiles) character file.

Game seed: 16448260598601258448

23174 jhvdj the Unseen (level 12, -2/61 HPs)
             Began as a Spriggan Enchanter on Nov 1, 2021.
             Was an Elder of Dithmenos.
             Shot with an arrow by a centaur warrior (3 damage)
             ... on level 13 of the Dungeon.
             The game lasted 00:40:04 (19695 turns).

jhvdj the Unseen (Spriggan Enchanter)              Turns: 19695, Time: 00:40:04

Health: -2/61      AC:  5    Str: 14    XL:     12   Next: 69%
Magic:  22/29      EV: 24    Int: 16    God:    Dithmenos [****..]
Gold:   662        SH:  0    Dex: 17    Spells: 22/36 levels left

rFire   . . .      SeeInvis +   j - +0 dagger (elec)
rCold   . . .      Faith    .   (shield restricted)
rNeg    . . .      Spirit   .   b - +1 robe
rPois   +          Reflect  .   G - +0 hat
rElec   .          Harm     .   n - +1 cloak
rCorr   .          Rampage  .   (gloves unavailable)
Will    ++...                   (boots unavailable)
Stlth   +++++++++.              C - amulet of the acrobat
HPRegen 0.20/turn               w - ring of poison resistance
MPRegen 0.21/turn               h - +6 ring of strength

@: very slightly contaminated, wreathed by umbra, invisible, very quick
A: very small, no large weapons, unfitting armour, see invisible, speed 3
a: Renounce Religion, Shadow Step


You were on level 13 of the Dungeon.
You worshipped Dithmenos.
Dithmenos was greatly pleased with you.
You visited 2 branches of the dungeon, and saw 14 of its levels.

You collected 662 gold pieces.

Inventory:

Hand Weapons
 a - a +1 dagger
 c - a +2 rapier of venom
 j - a +0 dagger of electrocution (weapon)
 s - a +4 short sword of freezing
 A - a +1 dagger of venom
Missiles
 d - 80 poisoned darts (quivered)
 l - 6 atropa-tipped darts
Armour
 b - a +1 robe (worn)
 n - a +1 cloak (worn)
 G - a +0 hat (worn)
Jewellery
 e - a ring of protection from cold
 h - a +6 ring of strength (right hand)
 w - a ring of poison resistance (left hand)
 C - an amulet of the acrobat (around neck)
Wands
 m - a wand of paralysis (12)
 o - a wand of polymorph (9)
 v - a wand of iceblast (7)
Scrolls
 i - a scroll of immolation
 p - 3 scrolls of fear
 q - 3 scrolls of fog
 u - a scroll of magic mapping
 y - a scroll of teleportation
 B - 3 scrolls of identify
Potions
 f - a potion of ambrosia
 g - a potion of lignification
 r - 3 potions of curing
 t - a potion of attraction
 x - a potion of resistance
 z - a potion of magic
 H - a potion of heal wounds
 I - a potion of cancellation
Miscellaneous
 E - a condenser vane (inert)


   Skills:
 + Level 6.3 Fighting
 + Level 8.2 Short Blades
 + Level 10.1 Dodging
 + Level 15.2 Stealth
 + Level 12.5 Spellcasting
 + Level 12.8 Hexes


You had 22 spell levels left.
You knew the following spells:

 Your Spells              Type           Power      Damage    Failure   Level
a - Ensorcelled Hibernat  Hex/Ice        60%        N/A       1%          2
b - Tukima's Dance        Hex            50%        N/A       1%          3
c - Dazzling Flash        Conj/Hex       60%        N/A       1%          3
d - Invisibility          Hex            25%        N/A       5%          6

Your spell library contained the following spells:

 Spells                   Type           Power      Damage    Failure   Level
 Confusing Touch          Hex            50%        N/A       1%          3
 Portal Projectile        Hex/Tloc       60%        N/A       1%          3
 Leda's Liquefaction      Hex/Erth       15%        N/A       4%          4
 Apportation              Tloc           20%        N/A       7%          1
 Corpse Rot               Necr/Air       20%        N/A       11%         2
 Call Canine Familiar     Summ           10%        N/A       22%         3
 Conjure Flame            Conj/Fire      10%        6-21      22%         3
 Spider Form              Tmut/Pois      5%         N/A       22%         3
 Dispel Undead            Necr           10%        3d9       56%         4
 Petrify                  Tmut/Erth      10%        N/A       56%         4
 Alistair's Intoxication  Tmut/Pois      6%         N/A       89%         5
 Death Channel            Necr           5%         N/A       100%        6
 Orb of Destruction       Conj           5%         9d2       100%        7


Dungeon Overview and Level Annotations

Branches:
Dungeon (13/15)            Temple (1/1) D:5            Lair (0/6) D:8
    Orc (0/2) D:9
 Vaults: D:13-14

Altars:
Ashenzari
Cheibriados
Dithmenos
Elyvilon
Fedhas
Gozag
Hepliaklqana
Kikubaaqudgha
Makhleb
Nemelex Xobeh
Okawaru
Qazlal
Ru
Sif Muna
Trog
Uskayaw
Vehumet
Wu Jian
Xom
Yredelemnul
Zin
The Shining One

Shops:
D:11 (

Annotations:
D:5 2 transporters, paps's ghost, weakling OpDe
D:8 2 transporters, Johnny's ghost, novice HuBe


Innate Abilities, Weirdness & Mutations

You are very small and have problems with some larger weapons.
You are too small for most types of armour.
You have supernaturally acute eyesight. (SInv)
You cover ground extremely quickly. (Speed+++)


Message History

Unknown command.
Aiming: Iceblast
Press: ? - help, Shift-Dir - straight line, f - centaur
Aim: a centaur, wielding a +0 shortbow and quivering arrows (moderately wounded, wandering, hasn't noticed you, umbra)
The mass of ice explodes!
The iceblast engulfs the centaur!
The centaur is almost dead.
The iceblast engulfs the basilisk!
You kill the basilisk!
Dithmenos accepts your kill.
The iceblast engulfs the centaur!
The centaur is heavily wounded.
The iceblast engulfs the centaur warrior!
The centaur warrior is moderately wounded.
Unknown command.
Unknown command.
Unknown command.
Aiming: Iceblast
Press: ? - help, Shift-Dir - straight line, f - centaur, p - centaur
Aim: a centaur, wielding a +0 shortbow and quivering arrows (heavily wounded, umbra)
The mass of ice explodes!
The iceblast engulfs the centaur!
The centaur is almost dead.
The iceblast engulfs the centaur warrior!
The centaur warrior is heavily wounded.
The iceblast engulfs the centaur!
You kill the centaur!
Dithmenos accepts your kill.
Unknown command.
Unknown command.
Unknown command.
Unknown command.
Aiming: Iceblast
Press: ? - help, Shift-Dir - straight line, f - centaur, p - centaur
Aim: a centaur, quivering arrows (umbra)
The mass of ice explodes!
The iceblast engulfs the centaur!
The centaur is severely wounded.
The iceblast engulfs the centaur warrior!
The centaur warrior is heavily wounded.
The centaur warrior shoots an arrow.
The arrow hits you!!
* * * LOW HITPOINT WARNING * * *
You die...

#.......#
.......#
..... #...
##.###
###cZ.)#
#..))#.#
##.#c##c#
#@....#c#
#.....#c##
#).#.....#
#..#..)(##
######...#
#...'.
#..?#..
#...###c#
'...# .


You could see a centaur warrior (soul bound), a centaur (wandering) and a
centaur simulacrum (wandering).

Vanquished Creatures
  A boulder beetle (D:11)
  A death knight (D:13)
  4 two-headed ogres
  2 deep elf pyromancers
  Pikel (D:7)
  A necromancer (D:13)
  4 cyclopes
  3 manticores
  An ugly thing (D:12)
  An unseen horror (D:12)
  Grinder (D:4)
  2 trolls
  Prince Ribbit (D:7)
  2 shadows (D:9)
  3 wraiths
  3 wyverns (D:8)
  12 yaks
  A vampire (D:11)
  13 vampire mosquitoes
  2 basilisks
  2 chaos spawn (D:12)
  Edmund (D:4)
  6 water moccasins
  4 acid dragons
  Duvessa (D:4)
  Pargi (D:4)
  An ice beast (D:7)
  9 orc warriors
  A sky beast (D:6)
  3 black bears
  4 necrophages
  An ogre (D:6)
  3 phantoms
  3 wolves (D:8)
  16 centaurs
  2 kobold brigands
  7 bullfrogs
  Dowan (D:4)
  4 scorpions
  A wyvern skeleton (D:6)
  A water moccasin zombie (D:5)
  A troll zombie (D:9)
  15 killer bees
  3 wights
  7 howler monkeys
  3 centaur zombies
  4 orc priests
  2 hounds
  A gnoll shaman (D:7)
  3 jellies
  A centaur skeleton (D:7)
  Jessica (D:2)
  Natasha (thrice) (D:2)
  3 iguanas
  Ijyb (D:5)
  7 orc wizards
  A killer bee zombie (D:9)
  4 ogre zombies (D:9)
  A hound zombie (D:5)
  A howler monkey zombie (D:9)
  5 adders
  4 gnolls (D:3)
  A howler monkey skeleton (D:7)
  A shadow imp (D:8)
  5 white imps
  An ufetubus (D:6)
  3 worms (D:7)
  A dart slug (D:2)
  47 orcs
  7 ball pythons
  5 bats
  6 endoplasms
  3 giant cockroaches
  4 goblins
  3 hobgoblins
  11 kobolds
  2 quokkas
  4 frilled lizards
  3 goblin skeletons (D:9)
  4 hobgoblin zombies (D:9)
  2 orc skeletons (D:9)
  10 orc zombies (D:9)
  8 rats
333 creatures vanquished.

Vanquished Creatures (collateral kills)
  A two-headed ogre (D:11)
  An orc warrior (D:7)
  An ogre (D:7)
  6 wights
  Crazy Yiuf (D:5)
  5 orcs
15 creatures vanquished.

Vanquished Creatures (others)
  11 dancing weapons
  3 centaurs (D:13)
  7 fungi (D:8)
  12 plants (D:8)
33 creatures vanquished.

Grand Total: 381 creatures vanquished

Notes
Turn   | Place    | Note
-------+----------+-------------------------------------------
     0 | D:1      | jhvdj the Spriggan Enchanter began the quest for the Orb.
     0 | D:1      | Reached XP level 1. HP: 9/9 MP: 5/5
   497 | D:1      | Reached XP level 2. HP: 13/13 MP: 7/7
   502 | D:1      | Learned a level 2 spell: Ensorcelled Hibernation
   609 | D:1      | Found a faded altar of an unknown god.
  1243 | D:2      | Reached XP level 3. HP: 16/16 MP: 3/9
  1247 | D:2      | Learned a level 3 spell: Tukima's Dance
  1251 | D:2      | Learned a level 3 spell: Dazzling Flash
  1553 | D:2      | Noticed Natasha
  1564 | D:2      | Killed Natasha
  1629 | D:2      | Noticed Natasha
  1648 | D:2      | Killed Natasha
  1649 | D:2      | Reached skill level 5 in Hexes
  1649 | D:2      | Reached XP level 4. HP: 16/21 MP: 6/11
  1684 | D:2      | Noticed Natasha
  1693 | D:2      | Killed Natasha
  1960 | D:2      | Noticed Jessica
  1967 | D:2      | Killed Jessica
  1968 | D:2      | Reached XP level 5. HP: 24/24 MP: 2/13
  2210 | D:2      | Reached skill level 5 in Spellcasting
  2923 | D:3      | Reached XP level 6. HP: 5/28 MP: 15/15
  4250 | D:4      | Noticed Dowan
  4259 | D:4      | Noticed Duvessa
  4268 | D:4      | Killed Duvessa
  4269 | D:4      | Reached skill level 5 in Stealth
  4283 | D:4      | Killed Dowan
  4284 | D:4      | Reached skill level 6 in Stealth
  4750 | D:4      | Noticed Edmund
  4776 | D:4      | Killed Edmund
  4777 | D:4      | Reached XP level 7. HP: 16/32 MP: 5/17
  4944 | D:4      | Noticed Grinder
  4944 | D:4      | Noticed Pargi
  5002 | D:4      | Reached skill level 7 in Stealth
  5219 | D:4      | Killed Grinder
  5295 | D:4      | Killed Pargi
  5296 | D:4      | Reached skill level 8 in Stealth
  5296 | D:4      | Reached XP level 8. HP: 16/36 MP: 13/20
  5546 | D:5      | Entered Level 5 of the Dungeon
  5883 | D:5      | Found a transporter.
  5887 | D:5      | Noticed paps's ghost (weakling OpDe)
  5901 | D:5      | Found a runed translucent door.
  5902 | D:5      | Noticed Crazy Yiuf
  5931 | D:5      | Found a transporter.
  5934 | D:5      | Noticed Ijyb
  5943 | D:5      | Killed Ijyb
  6473 | D:5      | Found a staircase to the Ecumenical Temple.
  6496 | Temple   | Entered the Ecumenical Temple
  6613 | Temple   | Became a worshipper of Dithmenos the Shadowed
  6676 | D:5      | Reached skill level 9 in Stealth
  6718 | D:5      | HP: 1/36 [phantom (7)]
  7623 | D:5      | Killed Crazy Yiuf
  8009 | D:6      | Reached skill level 10 in Stealth
  8226 | D:6      | Reached XP level 9. HP: 39/39 MP: 21/23
  8648 | D:7      | Reached * piety under Dithmenos
  8689 | D:7      | Reached skill level 1 in Fighting
  8907 | D:7      | Noticed Pikel
  8921 | D:7      | Noticed Prince Ribbit
  8929 | D:7      | Killed Pikel
  8930 | D:7      | Reached skill level 11 in Stealth
  8933 | D:7      | Noticed a moth of wrath
  8937 | D:7      | Killed Prince Ribbit
  9052 | D:7      | Found a bloodstained altar of Trog.
  9186 | D:7      | Reached skill level 10 in Hexes
  9363 | D:7      | Reached skill level 5 in Dodging
  9885 | D:7      | Got Sif Muna's Papyrus of Dusty Battle Magic
  9919 | D:7      | Reached XP level 10. HP: 47/47 MP: 24/24
 10001 | D:7      | Reached ** piety under Dithmenos
 10030 | D:7      | Reached skill level 10 in Spellcasting
 10325 | D:7      | Noticed a manticore
 11244 | D:7      | Killed a manticore
 11245 | D:7      | Reached skill level 12 in Stealth
 11397 | D:8      | Found a staircase to the Lair.
 11750 | D:8      | Reached skill level 5 in Short Blades
 11823 | D:8      | Found a transporter.
 11833 | D:8      | Noticed Johnny's ghost (novice HuBe)
 12050 | D:8      | Noticed a moth of wrath
 12061 | D:8      | Found a transporter.
 12065 | D:8      | Found a bloodstained altar of Trog.
 12459 | D:8      | Noticed a two-headed ogre
 12494 | D:8      | Killed a two-headed ogre
 12495 | D:8      | Reached XP level 11. HP: 31/53 MP: 6/26
 12800 | D:8      | Reached *** piety under Dithmenos
 13312 | D:9      | Reached skill level 13 in Stealth
 13749 | D:9      | Found a staircase to the Orcish Mines.
 14508 | D:9      | Reached **** piety under Dithmenos
 15200 | D:10     | Entered Level 10 of the Dungeon
 15261 | D:10     | Noticed a two-headed ogre
 15279 | D:10     | Killed a two-headed ogre
 15591 | D:10     | Reached skill level 5 in Fighting
 16007 | D:11     | Noticed a boulder beetle
 16028 | D:11     | Killed a boulder beetle
 16256 | D:10     | Learned a level 6 spell: Invisibility
 16266 | D:11     | Noticed a two-headed ogre
 16283 | D:11     | Killed a two-headed ogre
 16284 | D:11     | Reached skill level 14 in Stealth
 16656 | D:11     | Noticed a two-headed ogre
 16666 | D:11     | Killed a two-headed ogre
 16667 | D:11     | Reached XP level 12. HP: 33/60 MP: 8/28
 17488 | D:11     | Found Ypupop's Antique Weapon Emporium.
 17945 | D:12     | Noticed a two-headed ogre
 17962 | D:12     | Killed a two-headed ogre
 18026 | D:12     | Found a shimmering altar of Xom.
 18026 | D:12     | Found the +7 mace of Variability {chain chaos}
 19081 | D:13     | Noticed a death knight
 19084 | D:13     | Killed a death knight
 19085 | D:13     | Reached skill level 15 in Stealth
 19660 | D:13     | Noticed a centaur warrior
 19664 | D:13     | Reached skill level 10 in Dodging
 19683 | D:13     | HP: 3/61 [centaur/arrow (8)]
 19695 | D:13     | HP: 1/61 [centaur warrior/arrow (24)]
 19695 | D:13     | Shot with an arrow by a centaur warrior

Illustrated notes

Levels and vault maps discovered:
D:1:      lightli_arrival_quake, layout_loops_ring,
          ebering_ecumenical_altar_rust
D:2:      layout_basic, uniq_jessica, uniq_natasha
D:3:      layout_basic, grunt_decor_mini_mirrors
D:4:      layout_basic, chequers_serial_rivers_large_b, moated_statue,
          minmay_misc_feat_room, uniq_grinder, uniq_pargi, uniq_duvessa,
          uniq_edmund
D:5:      layout_basic, temple_fountains, serial_corexii_hall,
          corexii_hall_statues_x, corexii_hall_statues_i,
          gammafunk_ghost_stat_death, uniq_crazy_yiuf_cottage, uniq_ijyb
D:6:      layout_rooms
D:7:      minmay_bubble_buster, layout_basic, tgw_trog, uniq_pikel,
          uniq_prince_ribbit1
D:8:      layout_loops_ring, minmay_lair_entry_grove,
          gammafunk_ghost_wrathful_warriors
D:9:      layout_cave_pools, zombieorc1_lemuel, special_room [special_room_orc]
D:10:     layout_roguey
D:11:     layout_small_grid, serial_shops, kennysheep_mini_moat
D:12:     layout_irregular_city, minmay_guarded_unrand_variability
D:13:     lemuel_reptile_caves, layout_basic, david_vaults_1
Temple:   kilobyte_greek_temple

Skill      XL: |  1  2  3  4  5  6  7  8  9 10 11 12 |
---------------+-------------------------------------+-----
Spellcasting   | 3 4 5 6 7 9 10 11 12 | 12.5
Hexes          | 4 5 6 7 9 10 11 12 | 12.8
Stealth        | 6 8 10 11 12 14 15 | 15.2
Dodging        | 5 7 8 10 | 10.1
Fighting       | 2 4 5 6 |  6.3
Short Blades   | 3 5 7 8 |  8.2

Action                   |  1- 3 |  4- 6 |  7- 9 | 10-12 || total
-------------------------+-------+-------+-------+-------++-------
Melee: Dagger            |    64 |   102 |   184 |   697 ||  1047
       Rapier            |       |     6 |   101 |       ||   107
Throw: Dart              |     7 |     6 |       |       ||    13
 Cast: Ensorcelled Hiber |     7 |    24 |    49 |   152 ||   232
       Tukima's Dance    |       |     6 |    12 |    26 ||    44
       Dazzling Flash    |       |       |     5 |       ||     5
Invok: Shadow Step       |       |       |       |     3 ||     3
Evoke: Wand              |       |       |     2 |    18 ||    20
       Condenser vane    |       |       |       |     1 ||     1
  Use: Scroll            |     2 |     7 |     6 |     9 ||    24
       Potion            |       |     3 |     2 |     8 ||    13
 Stab: Sleeping          |    16 |    16 |    39 |    94 ||   165
       Invisible         |       |     1 |     3 |       ||     4
       Distracted        |       |       |     2 |     6 ||     8
       Paralysed         |       |       |     1 |     3 ||     4
       Petrifying        |       |       |       |     1 ||     1
Armor: Robe              |     7 |    13 |    30 |    57 ||   107
Dodge: Dodged            |    51 |   104 |   237 |   708 ||  1100

Table legend: (Time is in decaauts)
 A = Elapsed time spent in this place.
 B = Non-inter-level travel time spent in this place.
 C = Inter-level travel time spent in this place.
 D = Time resting spent in this place.
 E = Time spent auto-exploring this place.
 F = Levels seen in this place.
 G = Mean time per level.
                   A        B        C        D        E       F      G
               +--------+--------+--------+--------+--------+-----+--------+
         Total |  16093 |  15647 |    446 |   6019 |   6807 |  14 | 1149.5 |
       Dungeon |  15997 |  15573 |    424 |   6019 |   6742 |  13 | 1230.5 |
        Temple |     96 |     74 |     22 |      0 |     65 |   1 |   96.0 |
               +--------+--------+--------+--------+--------+-----+--------+

Top non-repeatable levels by time:
     D:7: 2227 daAuts
     D:8: 1908 daAuts
     D:4: 1570 daAuts
     D:5: 1393 daAuts
    D:12: 1361 daAuts
     D:3: 1259 daAuts
     D:9: 1256 daAuts
     D:2: 1080 daAuts
    D:10: 991 daAuts
     D:6: 890 daAuts
    D:11: 846 daAuts
     D:1: 813 daAuts
    D:13: 397 daAuts
  Temple: 96 daAuts
